 Dungeon Crawl Stone Soup version 0.23.2-1-ga50397a6bc (webtiles) character file.

Game seed: 10119361683395705569

79 Ethylacetat the Firebug (level 4, -14/30 HPs)
             Began as a Demonspawn Fire Elementalist on Apr 16, 2019.
             Killed by nerve-wracking pain
             ... invoked by an orc priest
              (16 damage)
             ... on level 2 of the Dungeon.
             The game lasted 00:08:41 (2294 turns).

Ethylacetat the Firebug (DsFE)                      Turns: 2294, Time: 00:08:41

Health: -14/30     AC:  3    Str:  8    XL:     4   Next: 16%
Magic:  3/7        EV: 12    Int: 17    God:
Gold:   107        SH:  0    Dex: 14    Spells: 7/8 levels left

rFire    + . .     SeeInvis .   (no weapon)
rCold    . . .     Gourm    .   (no shield)
rNeg     . . .     Faith    .   a - +0 robe
rPois    .         Spirit   .   (no helmet)
rElec    .         Reflect  .   (no cloak)
rCorr    .         Harm     +   (no gloves)
MR       .....                  (no boots)
Stlth    ++........             d - amulet of harm
HPRegen  0.10/turn              n - +1 ring of protection
MPRegen  0.10/turn              (no ring)

@: no status effects
A: fire resistance 1, spiny 1
a: no special abilities


You were on level 2 of the Dungeon.
You were not hungry.

You visited 1 branch of the dungeon, and saw 2 of its levels.

You collected 107 gold pieces.

Inventory:

Armour
 a - a +0 robe (worn)
Jewellery
 d - an amulet of harm (around neck)
 n - a +1 ring of protection (left hand)
Scrolls
 b - a scroll of remove curse {unknown}
 e - a scroll of immolation {unknown}
 f - 2 scrolls of identify {unknown}
 g - a scroll of fog {unknown}
 h - 3 scrolls of teleportation {unknown}
 j - a scroll of enchant weapon {unknown}
Potions
 k - a potion of curing {unknown}
 l - a potion of brilliance {unknown}
 m - a potion of haste {unknown}
 o - a potion of mutation {unknown}
Comestibles
 c - 4 rations
 i - 5 chunks of flesh


   Skills:
 - Level 1.8 Dodging
 - Level 1.8 Stealth
 + Level 2.5 Spellcasting
 + Level 1.6 Conjurations
 * Level 4.0 Fire Magic


You had 7 spell levels left.
You knew the following spells:

 Your Spells              Type           Power        Failure   Level  Hunger
a - Flame Tongue          Conj/Fire      ##...        6%          1    #......

Your spell library contained the following spells:

 Spells                   Type           Power        Failure   Level  Hunger
 Throw Flame              Conj/Fire      ##....       9%          2    ##.....
 Conjure Flame            Conj/Fire      ##......     17%         3    ###....
 Inner Flame              Hex/Fire       #.......     24%         3    ###....
 Sticky Flame             Conj/Fire      ##......     50%         4    #####..
 Fireball                 Conj/Fire      ##........   85%         5    ######.


Dungeon Overview and Level Annotations

Branches:
Dungeon (2/15)

Altars:
Fedhas
Gozag


Innate Abilities, Weirdness & Mutations

Your flesh is heat resistant. (rF+)
You are partially covered in sharp spines.


Message History

Press: ? - help, Shift-Dir - straight line, f/p - orc priest
Aim: an orc priest, wielding a +0 mace and wearing a +0 leather armour The flame tongue misses the orc priest.
Casting: Flame Tongue (safe; 6% risk of failure)
Confirm with . or Enter, or press ? or * to list all spells.
Aiming: Flame Tongue (safe; 6% risk of failure)
Press: ? - help, Shift-Dir - straight line, f/p - orc priest
Aim: an orc priest, wielding a +0 mace and wearing a +0 leather armour The flame tongue hits the orc priest.
The orc priest is lightly wounded.
The orc priest calls down the wrath of Beogh upon you.
Beogh smites you!
Ouch! That really hurt!
* * * LOW HITPOINT WARNING * * *
You barely miss the orc priest.
The orc priest is lightly wounded.
The orc priest mumbles some strange prayers to Beogh against you.
Pain shoots through your body!
Ouch! That really hurt!
You die...

.)..........................>.#..
##################.##########.#..
#.......... #.#.. ###.P.P.#####
#.. #...._....# ### #.#.P.P....#
#.#.......## #.#.#.#.#..#
#.#@#.#.#### #.#o#.#.. #.#.#.# #
#.#o# #.# #.# #.# ..#


You could see an orc priest and an orc.

Vanquished Creatures
  3 worms (D:2)
  3 dart slugs
  2 leopard geckos (D:1)
  A giant cockroach (D:1)
  5 goblins
  6 hobgoblins
  9 jackals (D:2)
  7 kobolds
  3 quokkas (D:2)
  5 bats
  5 frilled lizards
  7 rats
56 creatures vanquished.

Notes
Turn   | Place    | Note
-------+----------+-------------------------------------------
     0 | D:1      | Ethylacetat the Demonspawn Fire Elementalist began the
                  | quest for the Orb.
     0 | D:1      | Reached XP level 1. HP: 13/13 MP: 3/3
   254 | D:1      | Reached skill level 3 in Fire Magic
   305 | D:1      | Gained mutation: You are partially covered in sharp spines.
                  | [demonic ancestry]
   305 | D:1      | Reached XP level 2. HP: 19/19 MP: 1/5
   945 | D:1      | Reached XP level 3. HP: 23/24 MP: 0/6
  1786 | D:2      | Reached skill level 4 in Fire Magic
  1819 | D:2      | Gained mutation: Your flesh is heat resistant. (rF+)
                  | [demonic ancestry]
  1819 | D:2      | Reached XP level 4. HP: 30/30 MP: 3/7
  1831 | D:2      | Found a blossoming altar of Fedhas.
  2101 | D:2      | Found an opulent altar of Gozag.
  2294 | D:2      | Killed from afar by an orc priest

Skill      XL: |  1  2  3 |
---------------+----------+-----
Fire Magic     | 3 4 |  4.0
Dodging        | |  1.8
Stealth        | |  1.8
Spellcasting   | |  2.5
Conjurations   | |  1.6

Action                   |  1- 3 |  4- 6 || total
-------------------------+-------+-------++-------
Melee: Unarmed           |    50 |     4 ||    54
 Cast: Flame Tongue      |    70 |    16 ||    86
  Eat: Chunk             |     4 |     1 ||     5
Armor: Robe              |    11 |     3 ||    14
Dodge: Dodged            |    41 |     1 ||    42
